 Dungeon Crawl Stone Soup version 0.22-a0-322-g60b3cfd (webtiles) character file.

37646 torrenera the Spry (level 13, -2/56 HPs)
             Began as a Felid Earth Elementalist on Apr 4, 2018.
             Was the Champion of Hepliaklqana.
             Collided with a rock wall (7 damage)
             ... caused by a naga ritualist
             ... on level 1 of the Snake Pit on Apr 5, 2018.
             The game lasted 02:00:44 (37863 turns).

torrenera the Spry (Felid Earth Elementalist)      Turns: 37863, Time: 02:00:45

Health: -2/56      AC:  3    Str:  4    XL:     13   Next: 59%
Magic:  1/27       EV: 32    Int: 25    God:    Hepliaklqana [******]
Gold:   1736       SH:  0    Dex: 18    Spells: 0/30 levels left
                                        Lives:  0   Deaths: 3

rFire    . . .     SeeInvis +     - Unarmed
rCold    + . .     Gourm    .   (shield unavailable)
rNeg     . . .     Faith    .   (armour unavailable)
rPois    .         Spirit   .   (helmet unavailable)
rElec    .         Reflect  .   (cloak unavailable)
rCorr    .         Harm     .   (gloves unavailable)
MR       +....                  (boots unavailable)
Stlth    ++++++....             (no amulet)
HPRegen  0.18/turn              H - ring of wizardry
MPRegen  0.20/turn              g - +3 ring of intelligence

@: lethally poisoned (-2 -> -22), quick
A: very small, no armour, no weapons or thrown items, stealth, reduced essence,
claws 1, fangs 3, see invisible, carnivore, speed 1, shaggy fur 3, slow
metabolism 1, sharp paws
a: Recall Ancestor, Ancestor Identity, Transference, Idealise, Renounce Religion


You were on level 1 of the Snake Pit.
You worshipped Hepliaklqana.
Hepliaklqana was exalted by your worship.
You were not hungry.

You visited 5 branches of the dungeon, and saw 25 of its levels.

You collected 2046 gold pieces.
You spent 310 gold pieces at shops.

Inventory:

Missiles
 b - 166 stones
Jewellery
 g - a +3 ring of intelligence (right paw)
 z - an uncursed ring of ice
 A - an uncursed ring of wizardry
 B - an uncursed ring of resist corrosion
 H - a ring of wizardry (left paw)
 L - an uncursed ring of poison resistance
Wands
 j - a wand of clouds (9)
 l - a wand of enslavement (9)
 n - a wand of iceblast (8)
 x - a wand of flame (11)
 D - a wand of acid (1)
 F - a wand of paralysis (19)
 I - a wand of digging (22)
 K - a wand of polymorph (3)
Scrolls
 f - 8 scrolls of identify
 h - 14 scrolls of remove curse
 k - 5 scrolls of magic mapping
 m - 4 scrolls of amnesia
 p - 2 scrolls of immolation
 q - 13 scrolls of teleportation
 v - a scroll of blinking
 N - a scroll of vulnerability
Potions
 d - a potion of agility
 e - 9 potions of curing
 i - 2 potions of might
 o - 2 potions of ambrosia
 r - 3 potions of lignification
 s - 3 potions of brilliance
 t - 3 potions of magic
 w - 4 potions of resistance
 C - 2 potions of cancellation
 E - 4 potions of flight
 G - 3 potions of invisibility
 J - a potion of berserk rage
 M - 4 potions of heal wounds
Miscellaneous
 a - a sack of spiders
Comestibles
 c - 37 rations


   Skills:
 * Level 11.6 Fighting
 - Level 15.7 Dodging
 - Level 11.7 Stealth
 - Level 9.6 Unarmed Combat
 - Level 9.3 Spellcasting
 - Level 10.5 Conjurations
 * Level 4.6 Hexes
 - Level 1.1 Transmutations
 - Level 10.1 Earth Magic


You couldn't memorise any spells.
You knew the following spells:

 Your Spells              Type           Power        Failure   Level  Hunger
a - Sandblast             Erth           ######       1%          1    None
b - Passwall              Tmut/Erth      #####.....   1%          2    None
c - Stone Arrow           Conj/Erth      ######       1%          3    None
d - Lee's Rapid Deconstr  Erth           ######....   1%          5    ####...
e - Petrify               Tmut/Erth      #####...     2%          4    #......
f - Conjure Flame         Conj/Fire      #####...     1%          3    None
g - Confusing Touch       Hex            #####.       1%          1    None
h - Sticky Flame          Conj/Fire      #####...     2%          4    #......
i - Animate Skeleton      Necr           N/A          2%          1    None
j - Iron Shot             Conj/Erth      ######....   4%          6    ######.


Dungeon Overview and Level Annotations

Branches:
Dungeon (15/15)            Temple (0/1) D:7            Lair (6/6) D:10
  Swamp (1/4) Lair:3        Snake (1/4) Lair:4        Slime (0/5) Lair:6
    Orc (2/2) D:10            Elf (0/3) Orc:2        Vaults (0/5) D:14
 Depths: D:15

Altars:
Ashenzari
Cheibriados
Dithmenos
Fedhas
Hepliaklqana
Kikubaaqudgha
Nemelex Xobeh
Ru
Sif Muna
Wu Jian
Xom
Yredelemnul
Zin
The Shining One
Beogh
Jiyva

Shops:
D:6 =   D:7 [   D:10 (   D:13 *   Orc:2 *}*:!

Portals:
Trove: D:12 (show slimy rune of Zot)

Annotations:
Lair:6 2 runed doors


Innate Abilities, Weirdness & Mutations

You cannot wear armour.
You are incapable of wielding weapons or throwing items.
Your paws allow you to move quietly. (Stealth)
You have sharp claws.
You have razor-sharp teeth.
You have supernaturally acute eyesight. (SInv)
You are carnivorous and can eat meat at any time.
You cover ground quickly.
Your thick and shaggy fur keeps you warm. (AC +3, rC+)
You have a slow metabolism.
Your sharp claws are effective at attacking unaware monsters.
Your life essence is reduced to manifest your ancestor. (-10% HP)


Message History

You feel sick.
You are more poisoned.
Tepiltzin barely misses the naga ritualist.
The naga ritualist drinks a potion.
The naga ritualist is healed!
The naga ritualist seems less confused.
You scratch the naga ritualist but do no damage.
The naga ritualist is heavily wounded.
You feel sick.
You are more poisoned.
Tepiltzin hits the naga ritualist with a dagger of draining!
You closely miss the naga ritualist.
The naga ritualist is severely wounded.
You feel sick.
You are more poisoned.
The naga ritualist points at you and mumbles some strange words.
The lance of force hits you!
* * * LOW HITPOINT WARNING * * *
You are knocked back by the lance of force.
You slam into the rock wall!
You die...

.....#.#. #...#....
###.#..#.#.
#####......>...
#....รท..%..#.#. #
#....[)........
#...##...RN.P..##.#.
.......<...P........
#...####@..[....#...
### #............
#........[.#.##
#...#....#...#
#.......##......
.......... ......
.......#..........
....#.##....######


You could see the friendly Tepiltzin the hexer and a naga ritualist.

Vanquished Creatures
  Frances (Snake:1)
  Josephine (D:13)
  A vault guard (D:12)
  7 hydras
  6 two-headed ogres
  Urug (D:11)
  3 death yaks
  3 orc high priests (Orc:2)
  Pikel (D:5)
  2 mana vipers (Snake:1)
  6 orc knights
  2 necromancers
  4 orc sorcerers
  2 ugly things (D:12)
  2 deep elf magi (D:12)
  An elephant (Lair:6)
  2 cyclopes
  Maurice (Orc:2)
  15 black mambas
  10 spiny frogs
  2 molten gargoyles (Lair:6)
  2 gargoyles (D:14)
  2 centaur skeletons
  2 rime drakes
  3 efreet
  2 kobold demonologists (D:14)
  11 komodo dragons
  A tengu conjurer (D:15)
  A meliai (shapeshifter) (D:14)
  A polar bear (Lair:5)
  8 trolls
  A troll (shapeshifter) (D:13)
  Grinder (D:5)
  2 hornets
  A dream sheep (Lair:6)
  A slime creature (D:12)
  3 blink frogs (Lair:6)
  9 hippogriffs
  29 yaks
  2 shadows (D:14)
  2 spriggans
  A centaur simulacrum (D:14)
  2 wyverns
  5 wraiths
  3 basilisks
  Eustachio (D:5)
  3 hungry ghosts
  2 steam dragons (Lair:6)
  Menkaure (D:6)
  3 swamp worms (Lair:3)
  2 wargs (Orc:2)
  A soldier ant (D:13)
  3 acid dragons
  2 nagas (Snake:1)
  Edmund (D:6)
  9 water moccasins
  3 hell hounds (Lair:6)
  8 porcupines
  A hornet zombie (D:6)
  4 ice beasts
  4 slaves (D:5)
  5 black bears
  5 sky beasts
  18 orc warriors
  An eye of draining (D:12)
  6 ogres
  2 phantoms
  5 centaurs
  A necrophage (D:11)
  11 wolves
  A hexer (D:12)
  11 crocodiles
  9 big kobolds
  19 bullfrogs
  4 scorpions
  4 killer bees (D:13)
  17 wights
  2 electric eels
  A howler monkey (D:12)
  7 crimson imps
  4 lava snakes (Lair:6)
  3 centaur zombies
  2 bullfrog zombies (D:12)
  Crazy Yiuf (D:7)
  5 hounds
  3 jellies
  22 orc wizards
  19 orc priests
  A bullfrog skeleton (D:11)
  4 iguanas
  6 hell rats (Lair:3)
  7 worker ants
  2 yak simulacra (Lair:3)
  A polar bear simulacrum (Lair:3)
  3 wolf simulacra (Lair:3)
  2 hound zombies
  2 worker ant zombies
  3 gnolls (D:6)
  14 adders
  4 shadow imps
  An ooze (D:7)
  2 adder skeletons (D:4)
  2 worms (D:2)
  3 dart slugs
  4 leopard geckos
  85 orcs
  2 ball pythons
  3 giant cockroaches
  5 goblins
  5 hobgoblins
  14 jackals
  4 quokkas
  8 bats
  A frilled lizard (D:1)
  17 kobolds
  A leopard gecko skeleton (D:5)
  5 rats
  A river rat simulacrum (Lair:3)
616 creatures vanquished.

Vanquished Creatures (collateral kills)
  2 hydras (Lair:6)
  2 two-headed ogres (D:9)
  2 death yaks (Lair:3)
  An orc sorcerer (Orc:2)
  A slime creature (D:12)
  A cyclops (D:12)
  2 elephants (Lair:6)
  A molten gargoyle (Lair:6)
  4 black mambas
  2 spiny frogs
  Psyche (D:12)
  2 komodo dragons (Lair:6)
  2 blink frogs (Lair:6)
  4 dream sheep (Lair:6)
  A hippogriff (Lair:6)
  A shadow (D:15)
  2 wyverns
  A wraith (D:15)
  18 yaks
  A hungry ghost (D:10)
  2 basilisks
  A water moccasin (Lair:6)
  2 porcupines
  A black bear (D:10)
  5 orc warriors
  A sky beast (D:9)
  3 wolves (Lair:6)
  7 crocodiles
  4 bullfrogs
  2 wights (D:9)
  A lava snake (Lair:6)
  A crimson imp (D:9)
  A hound (D:9)
  2 orc priests
  2 centaur skeletons
  5 orc wizards
  A worker ant (D:14)
  2 polar bear simulacra (Lair:3)
  A wolf simulacrum (Lair:3)
  2 adders
  23 orcs
  2 jackals (D:9)
  2 quokkas
  A kobold (D:11)
  A river rat simulacrum (Lair:3)
  A butterfly (Lair:5)
  2 fungi
129 creatures vanquished.

Vanquished Creatures (others)
  A kraken (D:1)
  2 minotaurs (D:1)
  An octopode (D:1)
  A vine stalker (D:1)
  2 vampires (D:1)
  A spriggan (D:1)
  A porcupine (Lair:5)
  A dwarf (D:1)
  An ogre (D:1)
  20 hexers
  An ancestor (D:7)
  A bush (Lair:6)
  10 fungi
  10 plants
  4 tentacles (D:1)
57 creatures vanquished.

Grand Total: 802 creatures vanquished

Notes
Turn   | Place    | Note
-------+----------+-------------------------------------------
     0 | D:1      | torrenera the Felid Earth Elementalist began the quest for the Orb.
     0 | D:1      | Reached XP level 1. HP: 7/7 MP: 4/4
     2 | D:1      | Killed a vampire
     5 | D:1      | Noticed a vine stalker
     5 | D:1      | Noticed an ogre
     5 | D:1      | Noticed a spriggan
     5 | D:1      | Noticed a draconian
     5 | D:1      | Noticed a dwarf
     5 | D:1      | Noticed a minotaur
     5 | D:1      | Noticed a kraken
     5 | D:1      | Noticed a ghoul
     5 | D:1      | Noticed a draconian
     5 | D:1      | Noticed a vine stalker
     5 | D:1      | Noticed a vampire
     5 | D:1      | Noticed a minotaur
     5 | D:1      | Noticed a minotaur
     5 | D:1      | Noticed an octopode
     5 | D:1      | Noticed a ghoul
     6 | D:1      | Killed a vine stalker
    10 | D:1      | Killed an octopode
    12 | D:1      | Killed a spriggan
    12 | D:1      | Killed a minotaur
    13 | D:1      | Killed a dwarf
    14 | D:1      | Killed an ogre
    14 | D:1      | Killed a minotaur
    14 | D:1      | Killed a vampire
    17 | D:1      | Killed a kraken
   277 | D:1      | Reached skill level 3 in Dodging
   412 | D:1      | Reached XP level 2. HP: 11/11 MP: 6/6
  1814 | D:2      | Learned a level 2 spell: Passwall
  1859 | D:2      | Reached XP level 3. HP: 14/14 MP: 4/7
  2109 | D:2      | Reached skill level 4 in Dodging
  2132 | D:2      | Reached XP level 4. HP: 16/18 MP: 4/8
  2547 | D:3      | Learned a level 3 spell: Stone Arrow
  2826 | D:3      | Reached XP level 5. HP: 3/21 MP: 5/9
  3997 | D:4      | Reached skill level 5 in Dodging
  3997 | D:4      | Reached skill level 5 in Earth Magic
  4025 | D:4      | Gained mutation: You are covered in thick fur. (AC +2) [Felid growth]
  4025 | D:4      | Reached XP level 6. HP: 24/24 MP: 0/10
  4154 | D:4      | Noticed a sky beast
  4185 | D:4      | Killed a sky beast
  4338 | D:4      | Found a sacrificial altar of Ru.
  4567 | D:4      | Reached XP level 7. HP: 27/27 MP: 7/11
  4720 | D:5      | Entered Level 5 of the Dungeon
  4805 | D:5      | Reached skill level 6 in Dodging
  4982 | D:5      | Noticed Grinder
  4987 | D:5      | Killed Grinder
  5005 | D:5      | Reached XP level 8. HP: 31/31 MP: 3/12
  5198 | D:5      | Noticed Eustachio
  5245 | D:5      | Killed Eustachio
  5298 | D:5      | Noticed Pikel
  5541 | D:5      | Learned a level 5 spell: Lee's Rapid Deconstruction
  5633 | D:5      | Found a sparkling altar of Nemelex Xobeh.
  5640 | D:5      | Found a basalt altar of Yredelemnul.
  5647 | D:5      | Found a shimmering altar of Xom.
  5664 | D:5      | Found a hazy altar of Hepliaklqana.
  5674 | D:5      | Found an ornate altar of the Wu Jian Council.
  5680 | D:5      | Became a worshipper of Hepliaklqana the Forgotten
  5690 | D:5      | Found a shadowy altar of Dithmenos.
  5701 | D:5      | Found a snail-covered altar of Cheibriados.
  5732 | D:5      | Killed Pikel
  5732 | D:5      | Reached skill level 7 in Dodging
  5788 | D:6      | Slain by a hornet zombie
  5789 | D:6      | Reached XP level 7. HP: -5/24 MP: 5/11
  5789 | D:6      | Noticed Edmund
  5797 | D:6      | Killed Edmund
  5797 | D:6      | Reached XP level 8. HP: 18/27 MP: 6/12
  6001 | D:6      | Found Eduojosk's Jewellery Emporium.
  6516 | D:6      | Reached skill level 10 in Earth Magic
  6695 | D:6      | Noticed a two-headed ogre
  6711 | D:6      | Killed a two-headed ogre
  6711 | D:6      | Reached skill level 9 in Dodging
  6856 | D:6      | Reached XP level 9. HP: 33/35 MP: 3/13
  7424 | D:6      | Noticed Menkaure
  7457 | D:6      | Killed Menkaure
  7566 | D:7      | Found Ecves's Antique Armour Emporium.
  7580 | D:7      | Found a staircase to the Ecumenical Temple.
  7586 | D:7      | Reached skill level 5 in Fighting
  7613 | D:7      | Reached skill level 10 in Dodging
  7681 | D:7      | Reached * piety under Hepliaklqana
  7908 | D:7      | Found a runed door.
  8141 | D:7      | Found a glowing silver altar of Zin.
  8407 | D:7      | Noticed Crazy Yiuf
  8410 | D:7      | Killed Crazy Yiuf
  8761 | D:8      | Noticed a two-headed ogre
  8809 | D:8      | Killed a two-headed ogre
  8809 | D:8      | Reached skill level 11 in Dodging
  8809 | D:8      | Reached XP level 10. HP: 41/41 MP: 1/14
  8939 | D:8      | Reached ** piety under Hepliaklqana
  8940 | D:8      | Found a blossoming altar of Fedhas.
  8940 | D:8      | Found an ancient bone altar of Kikubaaqudgha.
  8985 | D:8      | You fall through a shaft for 3 floors!
  9024 | D:11     | Remembered your ancestor Tepiltzin as a hexer
  9352 | D:11     | Noticed an eight-headed hydra
  9623 | D:12     | Reached skill level 12 in Dodging
  9688 | D:12     | Noticed Psyche
  9742 | D:12     | Killed Psyche
  9834 | D:12     | Noticed a cyan ugly thing
  9848 | D:12     | Killed a cyan ugly thing
 10311 | D:12     | Noticed a vault guard
 10803 | D:12     | Noticed a purple ugly thing
 10810 | D:12     | Killed a purple ugly thing
 10810 | D:12     | Reached skill level 13 in Dodging
 10819 | D:12     | Noticed a deep elf mage
 10836 | D:12     | Killed a deep elf mage
 10836 | D:12     | Reached skill level 5 in Stealth
 10861 | D:12     | Reached XP level 11. HP: 27/46 MP: 8/15
 11507 | D:11     | Noticed Urug
 11512 | D:10     | Entered Level 10 of the Dungeon
 12105 | D:10     | Found a staircase to the Orcish Mines.
 12105 | D:10     | Found Sustra's Weapon Boutique.
 12325 | D:9      | Noticed a two-headed ogre
 12338 | D:9      | Killed a two-headed ogre
 12413 | D:9      | Found a glowing golden altar of the Shining One.
 12440 | D:9      | Noticed a two-headed ogre
 12447 | D:9      | Killed a two-headed ogre
 12447 | D:9      | Reached skill level 14 in Dodging
 12472 | D:9      | Reached *** piety under Hepliaklqana
 12933 | D:9      | Reached skill level 10 in Fighting
 12933 | D:9      | Reached skill level 10 in Stealth
 12933 | D:9      | Gained mutation: Your thick and shaggy fur keeps you warm. (AC +3, rC+) [Felid growth]
 12933 | D:9      | Reached XP level 12. HP: 53/53 MP: 16/16
 13109 | D:9      | Noticed a two-headed ogre
 13128 | D:9      | Killed a two-headed ogre
 13128 | D:9      | Reached skill level 15 in Dodging
 13220 | D:9      | Found a deep blue altar of Sif Muna.
 13576 | D:9      | Noticed a two-headed ogre
 13583 | D:9      | Killed a two-headed ogre
 14652 | D:10     | Found a staircase to the Lair.
 15254 | D:10     | Reached skill level 1 in Unarmed Combat
 15308 | D:10     | Found a basalt altar of Yredelemnul.
 15516 | D:10     | Reached **** piety under Hepliaklqana
 15714 | Lair:1   | Entered Level 1 of the Lair of Beasts
 15723 | Lair:1   | Learned a level 4 spell: Petrify
 16132 | Lair:1   | Noticed a four-headed hydra
 16142 | Lair:1   | Killed a four-headed hydra
 16248 | Lair:1   | Reached skill level 5 in Unarmed Combat
 16248 | Lair:1   | Reached XP level 13. HP: 46/55 MP: 11/17
 17595 | Lair:2   | Reached skill level 1 in Conjurations
 18219 | Lair:2   | Learned a level 3 spell: Conjure Flame
 19024 | Lair:3   | Learned a level 1 spell: Confusing Touch
 19395 | Lair:3   | Reached ***** piety under Hepliaklqana
 19511 | Lair:3   | Reached skill level 5 in Spellcasting
 20364 | Lair:3   | Found a staircase to the Swamp.
 20563 | Lair:4   | Learned a level 4 spell: Sticky Flame
 20928 | Lair:4   | Found a staircase to the Snake Pit.
 24072 | Lair:5   | HP: 1/56 [black mamba (15)]
 24073 | Lair:5   | Reached XP level 14. HP: 22/60 MP: 18/25
 25157 | Lair:6   | Entered Level 6 of the Lair of Beasts
 25670 | Lair:6   | Learned a level 1 spell: Animate Skeleton
 25913 | Lair:6   | Found a viscous altar of Jiyva.
 25913 | Lair:6   | Found a staircase to the Slime Pits.
 26572 | Lair:6   | Learned a level 6 spell: Iron Shot
 27623 | Lair:6   | Found a large runed door.
 27628 | Lair:6   | Found a large runed door.
 28200 | Orc:1    | Entered Level 1 of the Orcish Mines
 28203 | Orc:1    | Found a roughly hewn altar of Beogh.
 28584 | Orc:2    | Entered Level 2 of the Orcish Mines
 28584 | Orc:2    | Found a staircase to the Elven Halls.
 28614 | Orc:2    | Reached skill level 5 in Conjurations
 28682 | Orc:2    | Found a roughly hewn altar of Beogh.
 29547 | Orc:2    | Found Qijaung's Distillery.
 29558 | Orc:2    | Bought a potion of invisibility for 80 gold pieces
 29558 | Orc:2    | Bought a potion of heal wounds for 50 gold pieces
 29558 | Orc:2    | Bought a potion of curing for 30 gold pieces
 29558 | Orc:2    | Bought a potion of heal wounds for 50 gold pieces
 29558 | Orc:2    | Bought 2 potions of heal wounds for 100 gold pieces
 29716 | Orc:2    | Paralysed by an orc sorcerer for 3 turns
 30960 | Orc:2    | Noticed Maurice
 30965 | Orc:2    | Killed Maurice
 31376 | Orc:2    | Found Haturur's Book Shop.
 31380 | Orc:2    | Found Qisaa's Assorted Antiques.
 31386 | Orc:2    | Found Amuoloeh's Gadget Shoppe.
 31420 | Orc:2    | Found Bunaam's General Store.
 31890 | D:11     | Reached ****** piety under Hepliaklqana
 32389 | D:11     | Killed Urug
 32389 | D:11     | Reached XP level 15. HP: 63/63 MP: 10/29
 32670 | D:12     | Found a roughly hewn altar of Beogh.
 32743 | D:12     | Found a portal to a secret trove of treasure.
 33241 | D:13     | Found Loig's Changing Room.
 34536 | D:14     | Noticed Josephine
 34542 | D:13     | Killed Josephine
 35581 | D:14     | Reached skill level 10 in Conjurations
 35757 | D:14     | Engulfed by a fire crab (shapeshifter)'s flame
 35758 | D:14     | Reached XP level 14. HP: -3/60 MP: 28/28
 36546 | D:14     | Found a gate to the Vaults.
 36551 | D:14     | Identified the Grimoire of the Mackerel
 36580 | D:15     | Entered Level 15 of the Dungeon
 36613 | D:15     | Found a shattered altar of Ashenzari.
 36685 | D:15     | Reached skill level 1 in Hexes
 37368 | Swamp:1  | Entered Level 1 of the Swamp
 37466 | Snake:1  | Entered Level 1 of the Snake Pit
 37466 | Snake:1  | Noticed Frances
 37477 | Snake:1  | Killed Frances
 37832 | Lair:4   | Slain by a black mamba
 37833 | Lair:4   | Reached XP level 13. HP: -5/56 MP: 20/27
 37863 | Snake:1  | Collided with a rock wall

Vault maps used:
D:1:      nicolae_arrival_kraken_aquarium_b, st_stairs_11
D:3:      first_ration
D:4:      marbit_many_paths, minmay_misc_feat_x
D:5:      grunt_temple_overflow_octagram, uniq_grinder, uniq_eustachio,
          uniq_pikel
D:6:      serial_shops, nicolae_shop_crystal, nrook_uturn, uniq_menkaure,
          uniq_edmund
D:7:      lemuel_crystal_altar, minmay_temple_entry_large_hall, serial_shops,
          shop, uniq_crazy_yiuf_cottage
D:8:      grunt_temple_overflow_growth_and_decay
D:9:      led_sif_book, nicolae_tso_carved_into_rock
D:10:     due_lair_maze_entry_diamond, orc_david_3, serial_park,
          serial_park_tiny_1, lemuel_hellish_altar
D:11:     blue_anna_alchemist, grunt_decor_mini_mirrors, uniq_urug
D:12:     special_room, enter_trove_5, uniq_psyche
D:13:     nicolae_transmutations_shop
D:14:     david_vaults_4, uniq_josephine
D:15:     hangedman_depths_entry_try_elsewhere_first, evilmike_ruin_ashenzari
Lair:1:   grunt_forest_large_clearing_hut
Lair:3:   nicolae_swamp_entry_splash_gauntlet, lab_entry_generic,
          eino_house_with_fridge
Lair:4:   dummy_snake_entry
Lair:5:   grunt_forest_stairs_clearing, infiniplex_staircase_pool,
          serial_bayou_shore_b, lemuel_fruit_fields
Lair:6:   cheibrodos_lair_end_hotspot, slime_altar_1
Swamp:1:  evilmike_swamp_ruin_rubble_1, uniq_nikola, uniq_donald, uniq_aizul
Snake:1:  basic_altar, serial_shops, shop_fountains, st_stairs_13,
          lemuel_fruit_tree, uniq_frances
Orc:1:    serial_shops, nicolae_shop_statue_plus, basic_altar
Orc:2:    st_orc_elflike, serial_shops, shop, mines1_david, uniq_maurice

Skill      XL: |  1  2  3  4  5  6  7  8  9 10 11 12 13 14 15 |
---------------+----------------------------------------------+-----
Dodging        | 3 4 5 6 9 11 13 14 15 | 15.7
Earth Magic    | 3 4 5 6 7 10 | 10.1
Fighting       | 3 6 8 10 11 | 11.6
Stealth        | 5 10 11 | 11.7
Unarmed Combat | 5 8 9 |  9.6
Conjurations   | 2 8 10 | 10.5
Spellcasting   | 7 9 |  9.3
Hexes          | 4 |  4.6
Transmutations | |  1.1

Action                   |  1- 3 |  4- 6 |  7- 9 | 10-12 | 13-15 || total
-------------------------+-------+-------+-------+-------+-------++-------
Melee: Unarmed           |    57 |    31 |    47 |   230 |   886 ||  1251
       Bite              |     5 |     5 |     2 |    24 |    86 ||   122
       Punch             |       |       |       |     1 |    24 ||    25
 Cast: Sandblast         |    26 |    58 |   132 |   135 |   176 ||   527
       Stone Arrow       |       |       |    42 |   138 |   187 ||   367
       Lee's Rapid Decon |       |       |     2 |       |    26 ||    28
       Passwall          |       |       |       |     1 |       ||     1
       Confusing Touch   |       |       |       |       |    34 ||    34
       Conjure Flame     |       |       |       |       |    11 ||    11
       Iron Shot         |       |       |       |       |    67 ||    67
       Petrify           |       |       |       |       |     7 ||     7
       Animate Skeleton  |       |       |       |       |    35 ||    35
       Sticky Flame      |       |       |       |       |    21 ||    21
Invok: Recall Ancestor   |       |       |     1 |     9 |    37 ||    47
       Ancestor Life: He |       |       |       |     1 |       ||     1
Evoke: Wand              |       |       |       |     3 |    16 ||    19
  Use: Scroll            |       |       |     4 |    13 |    13 ||    30
       Potion            |       |       |       |     1 |     6 ||     7
 Stab: Sleeping          |     6 |     5 |     3 |     9 |    40 ||    63
       Distracted        |       |       |       |     4 |    10 ||    14
       Confused          |       |       |       |       |    33 ||    33
       Paralysed         |       |       |       |       |     3 ||     3
       Invisible         |       |       |       |       |     2 ||     2
  Eat: Chunk             |    10 |     5 |    18 |    32 |    76 ||   141
Armor: Skin              |     3 |     1 |     4 |    10 |    29 ||    47
Dodge: Dodged            |    48 |    32 |   106 |   315 |  1012 ||  1513

Table legend:
 A = Spawn XP
 B = Non-spawn XP
 C = Spawn XP percentage of total XP
 D = Spawn monster count
 E = Non-spawn monster count
 F = Spawn count percentage of total count
 G = Total turns spent on level
                    A         B        C        D         E        F      G
               +---------+---------+-------+---------+---------+-------+---------
         Total |       0 |  115969 |   0.0 |       0 |     737 |   0.0 | 37863
               +---------+---------+-------+---------+---------+-------+---------
           D:1 |       0 |      32 |   0.0 |       0 |      17 |   0.0 |  1810
           D:2 |       0 |      90 |   0.0 |       0 |      21 |   0.0 |   579
           D:3 |       0 |     106 |   0.0 |       0 |      13 |   0.0 |  1038
           D:4 |       0 |     576 |   0.0 |       0 |      18 |   0.0 |  1295
           D:5 |       0 |    1719 |   0.0 |       0 |      25 |   0.0 |  1077
           D:6 |       0 |    2164 |   0.0 |       0 |      33 |   0.0 |  1442
           D:7 |       0 |    1344 |   0.0 |       0 |      24 |   0.0 |  1426
           D:8 |       0 |    1441 |   0.0 |       0 |      18 |   0.0 |  1057
           D:9 |       0 |    5511 |   0.0 |       0 |      35 |   0.0 |  1946
          D:10 |       0 |    3207 |   0.0 |       0 |      48 |   0.0 |  1750
          D:11 |       0 |    4059 |   0.0 |       0 |      38 |   0.0 |  1446
          D:12 |       0 |    9416 |   0.0 |       0 |      59 |   0.0 |  2551
          D:13 |       0 |    4252 |   0.0 |       0 |      25 |   0.0 |  1994
          D:14 |       0 |    8747 |   0.0 |       0 |      42 |   0.0 |  1793
          D:15 |       0 |    2098 |   0.0 |       0 |      11 |   0.0 |   400
        Lair:1 |       0 |    4290 |   0.0 |       0 |      16 |   0.0 |  1028
        Lair:2 |       0 |    3954 |   0.0 |       0 |      22 |   0.0 |  1779
        Lair:3 |       0 |    9151 |   0.0 |       0 |      46 |   0.0 |  3487
        Lair:4 |       0 |    9252 |   0.0 |       0 |      33 |   0.0 |  2288
        Lair:5 |       0 |    9226 |   0.0 |       0 |      37 |   0.0 |  2052
        Lair:6 |       0 |   16939 |   0.0 |       0 |      65 |   0.0 |  2362
       Swamp:1 |       0 |     282 |   0.0 |       0 |       1 |   0.0 |     4
       Snake:1 |       0 |    4644 |   0.0 |       0 |       7 |   0.0 |    67
         Orc:1 |       0 |    2036 |   0.0 |       0 |      11 |   0.0 |   845
         Orc:2 |       0 |   11433 |   0.0 |       0 |      72 |   0.0 |  2347
               +---------+---------+-------+---------+---------+-------+---------
